 Dungeon Crawl Stone Soup version 0.31-a0-960-g0fca184906 (webtiles) character file.

Game seed: 10264576168991252914

189 sircluck the Ruffian (level 5, 0/53 HPs)
             Began as a Troll Berserker on Oct 23, 2023.
             Was a Believer of Trog.
             Killed by divine providence
             ... invoked by an orc priest
              (11 damage)
             ... on level 5 of the Dungeon.
             The game lasted 00:02:42 (2602 turns).

sircluck the Ruffian (Troll Berserker)              Turns: 2602, Time: 00:02:43

Health: 0/53       AC:  4    Str: 27    XL:     5   Next: 40%
Magic:  4/4        EV: 10    Int:  3    God:    Trog [**....]
Gold:   264        SH:  0    Dex:  9    Spells: 4/4 levels left

rFire   . .          .
                       - Unarmed
rCold   + . .        (no shield)
rNeg    . . .        a - +0 animal skin
rPois   .            (helmet restricted)
rElec   .            t - scarf {repulsion}
rCorr   .            (gloves unavailable)
SInv    .            (boots unavailable)
Will    .....        e - amulet of the acrobat
Stlth   +            q - ring of protection from cold
HPRegen 1.08/turn    f - ring of flight
MPRegen 0.09/turn

%: repel missiles, acrobat
@: flying
A: large, unfitting armour, claws 3, regeneration 1, shaggy fur 1, tough skin 1
a: Renounce Religion, Berserk, Trog's Hand


You were on level 5 of the Dungeon.
You worshipped Trog.
Trog was pleased with you.
You visited 1 branch of the dungeon, and saw 5 of its levels.

You collected 264 gold pieces.

Inventory:

Missiles
 d - 49 stones
Armour
 a - a +0 animal skin (worn)
 t - a scarf of repulsion (worn)
Jewellery
 e - an amulet of the acrobat (around neck)
 f - a ring of flight (right claw)
 q - a ring of protection from cold (left claw)
Wands
 s - a wand of mindburst (14)
Scrolls
 g - a scroll of teleportation {unknown}
 h - a scroll of immolation {unknown}
 i - 3 scrolls of enchant weapon {unknown}
 j - 2 scrolls of noise {unknown}
 m - a scroll of poison {unknown}
 n - 3 scrolls of blinking {unknown}
 o - a scroll of summoning {unknown}
 p - 2 scrolls of identify {unknown}
Potions
 b - 2 potions of lignification {unknown}
 c - 2 potions of brilliance {unknown}
 k - a potion of resistance {unknown}
 l - a potion of curing {unknown}
 r - 2 potions of haste {unknown}


   Skills:
 + Level 3.5 Fighting
 + Level 3.3 Dodging
 + Level 4.4 Unarmed Combat


You had 4 spell levels left.
You didn't know any spells.
Your spell library was empty.

Dungeon Overview and Level Annotations

Branches:
Dungeon (5/15)
 Temple: D:4-7

Altars:
Ashenzari
Makhleb
Nemelex Xobeh
Qazlal
Xom


Innate Abilities, Weirdness & Mutations

You are too large for most types of armour.
You have claws for hands.
Your natural rate of healing is unusually fast.
You are covered in fur. (AC +1)
You have tough skin. (AC +1)


Message History

The orc priest looks satisfied for a moment.
The orc shouts!
The orc completely misses you.
You barely miss the orc. You claw the orc!
You kill the orc!
Trog accepts your kill.
You hear some strange, mumbled words.
Something tries to affect you, but you resist.
The orc closely misses you.
You closely miss the orc.
The orc priest hits you from afar with a +0 trident.
The orc barely misses you.
You claw the orc!
You kill the orc!
Trog accepts your kill. Something hits you but does no damage.
The orc priest completely misses you.
The orc priest calls down the wrath of Beogh upon you.
Pain shoots through your body!
You closely miss the orc priest.
The orc priest hits you with a +0 trident.
You hear some strange, mumbled words.
A magic dart appears from out of thin air!
The magic dart hits you.
You scratch the orc priest but do no damage.
The orc priest hits you with a +0 trident.
Something hits you but does no damage.
You claw the orc priest!
The orc priest is severely wounded.
The orc priest calls down the wrath of Beogh upon you.
Pain shoots through your body!
You hear some strange, mumbled words.
A magic dart appears from out of thin air!
The magic dart hits you!
* * * LOW HITPOINT WARNING * * *
You scratch the orc priest.
The orc priest is almost dead.
The orc priest calls down the wrath of Beogh upon you.
Beogh smites you!
You die...

## ###########.
...#.......
..........##
...........#
.......o...#
......)@...#
......){.<.#
.................
...........######
..........##
....~.~.~.#
###.....###
#######


You could see an orc priest.

Vanquished Creatures
  A hound (D:4)
  Natasha (twice) (D:2)
  4 adders
  3 gnolls (D:4)
  5 orcs
  5 endoplasms
  2 giant cockroaches
  4 goblins
  2 hobgoblins
  2 kobolds
  4 quokkas
  5 ball pythons
  3 frilled lizards
  3 rats
45 creatures vanquished.

Notes
Turn   | Place    | Note
-------+----------+-------------------------------------------
     0 | D:1      | sircluck the Troll Berserker began the quest for the Orb.
     0 | D:1      | Reached XP level 1. HP: 22/22 MP: 0/0
   456 | D:1      | Reached XP level 2. HP: 29/29 MP: 1/1
  1229 | D:3      | Reached XP level 3. HP: 36/36 MP: 2/2
  1241 | D:4      | Noticed a black bear
  1360 | D:2      | Found a broken altar of Ashenzari.
  1581 | D:2      | Noticed Natasha
  1592 | D:2      | Killed Natasha
  1695 | D:2      | Noticed Natasha
  1704 | D:2      | Killed Natasha
  1705 | D:2      | Reached skill level 4 in Unarmed Combat
  1705 | D:2      | Reached XP level 4. HP: 34/45 MP: 3/3
  1827 | D:3      | Reached ** piety under Trog
  2010 | D:3      | Found a sparkling altar of Nemelex Xobeh.
  2138 | D:3      | Found a shadowy altar of Dithmenos.
  2141 | D:3      | Found a burning altar of Makhleb.
  2141 | D:3      | Found a shimmering altar of Xom.
  2143 | D:3      | Found a shimmering altar of Xom.
  2143 | D:3      | Found a broken altar of Ashenzari.
  2143 | D:3      | Found a sacrificial altar of Ru.
  2301 | D:3      | Noticed an earth elemental
  2303 | D:3      | Found a stormy altar of Qazlal.
  2305 | D:3      | Noticed a fire elemental
  2305 | D:3      | Noticed a water elemental
  2305 | D:3      | Noticed an air elemental
  2348 | D:3      | Found a faded altar of an unknown god.
  2513 | D:4      | Reached XP level 5. HP: 38/53 MP: 4/4
  2591 | D:5      | Entered Level 5 of the Dungeon
  2602 | D:5      | Killed from afar by an orc priest

Illustrated notes

Levels and vault maps discovered:
D:1:      minmay_arrival_wavy_path, layout_basic
D:2:      minmay_wonky_spiral, layout_loops_corners, basic_altar, uniq_natasha
D:3:      layout_basic, nicolae_qazlal_style_of_elements,
          nemelex_xobeh_ov_fountains_minmay, doesnt_xom_only_xom,
          shapermc_ecumenical_altar_hornbeckon
D:4:      layout_basic, mainiacjoe_overflow_small_starburst,
          corexii_leaking_fountain, serial_bayou_crossing
D:5:      layout_rooms, minmay_temple_entry_mist, serial_rivers,
          chequers_serial_rivers_micro_b, chequers_serial_rivers_micro_c,
          chequers_serial_rivers_marsh, chequers_serial_rivers_room_b,
          minmay_misc_feat_cross

Skill      XL: |  1  2  3 |
---------------+----------+-----
Fighting       | 3 |  3.5
Dodging        | 3 |  3.3
Unarmed Combat | 4 |  4.4

Action                     |  1- 3 |  4- 6 || total
---------------------------+-------+-------++-------
  Melee: Unarmed           |    56 |    61 ||   117
         Punch             |       |     2 ||     2
 Armour: Animal skin       |    32 |    38 ||    70
  Dodge: Dodged            |    13 |    33 ||    46

Table legend: (Time is in decaauts)
 A = Elapsed time spent in this place.
 B = Non-inter-level travel time spent in this place.
 C = Inter-level travel time spent in this place.
 D = Time resting spent in this place.
 E = Time spent auto-exploring this place.
 F = Levels seen in this place.
 G = Mean time per level.
                   A        B        C        D        E       F      G
               +--------+--------+--------+--------+--------+-----+--------+
         Total |   2594 |   2389 |    205 |     30 |   1905 |   5 |  518.8 |
       Dungeon |   2594 |   2389 |    205 |     30 |   1905 |   5 |  518.8 |
               +--------+--------+--------+--------+--------+-----+--------+

Top non-repeatable levels by time:
     D:2: 925 daAuts
     D:1: 838 daAuts
     D:3: 681 daAuts
     D:4: 138 daAuts
     D:5: 10 daAuts
